 Dungeon Crawl Stone Soup version 0.30.1-4-g462c640d31 (webtiles) character file.

Game seed: 1044049879699649674

298 Babbit the Chopper (level 6, -3/56 HPs)
             Began as a Minotaur Berserker on Sept 1, 2023.
             Was a Priest of Trog.
             Killed by divine providence
             ... invoked by an orc priest
              (10 damage)
             ... on level 4 of the Dungeon.
             The game lasted 00:13:35 (2735 turns).

Babbit the Chopper (Minotaur Berserker)             Turns: 2735, Time: 00:13:35

Health: -3/56      AC:  9    Str: 24    XL:     6   Next: 13%
Magic:  5/5        EV:  9    Int:  4    God:    Trog [***...]
Gold:   162        SH:  0    Dex:  9    Spells: 5/5 levels left

rFire   . . .        a - +0 hand axe
rCold   + . .        (no shield)
rNeg    . . .        p - +1 chain mail {rC+}
rPois   .            (helmet restricted)
rElec   .            j - scarf {shadows}
rCorr   .            (no gloves)
SInv    .            (no boots)
Will    .....        (no amulet) Stlth
                     (no ring)
HPRegen 0.29/turn    (no ring)
MPRegen 0.09/turn

%: no passive effects
@: confused, attractive, hasted, very quick
A: horns 2, retaliatory headbutt
a: Renounce Religion, Berserk, Trog's Hand


You were on level 4 of the Dungeon.
You worshipped Trog.
Trog was most pleased with you.
You visited 1 branch of the dungeon, and saw 4 of its levels.

You collected 162 gold pieces.

Inventory:

Hand Weapons
 a - a +0 hand axe (weapon)
Armour
 b - a +0 animal skin
 j - a scarf of shadows (worn)
 p - a +1 chain mail of cold resistance (worn)
 r - a +0 scale mail of willpower
Scrolls
 c - a scroll of fog {unknown}
 d - 4 scrolls of teleportation
 f - a scroll of fear
 h - a scroll of poison {unknown}
 i - a scroll of vulnerability {unknown}
 o - a scroll of blinking {unknown}
 q - a scroll of butterflies {unknown}
 s - 2 scrolls of identify {unknown}
Potions
 e - a potion of magic
 l - a potion of curing {unknown}
 m - a potion of cancellation {unknown}
 n - a potion of heal wounds {unknown}


   Skills:
 + Level 5.3 Fighting
 + Level 6.2 Axes
 + Level 2.7 Armour
 + Level 3.8 Dodging
 + Level 0.2 Stealth


You had 5 spell levels left.
You didn't know any spells.
Your spell library was empty.

Dungeon Overview and Level Annotations

Branches:
Dungeon (4/15)
 Temple: D:4-7

Altars:

Shops:
D:1 **=

Annotations:
D:4 Blork the orc, Menkaure


Innate Abilities, Weirdness & Mutations

You have a pair of horns on your head.
You reflexively headbutt those who attack you in melee.


Message History

An orc comes into view. It is wielding a +0 club.
The orc priest hits you from afar with a +0 trident.
* * * LOW HITPOINT WARNING * * *
You're too confused to move!
Something hits you but does no damage. The hobgoblin hits you.
* * * LOW HITPOINT WARNING * * *
An orc wizard comes into view. It is wielding a +2 dagger of draining.
The orc priest misses you.
Your unstable footing causes you to fumble your attack.
You hear a splashing noise.
The hobgoblin hits you but does no damage.
The orc priest hits you from afar with a +0 trident.
* * * LOW HITPOINT WARNING * * *
A scorpion comes into view.
You hear some strange, mumbled words.
A puff of flame appears from out of thin air!
The puff of flame hits you.
* * * LOW HITPOINT WARNING * * *
The hobgoblin hits you but does no damage.
The orc priest looks encouraged for a moment.
The orc throws a boomerang.
You hear a splash. x2
Reactivating autopickup.
You feel a bit more experienced.
Okay, then.
You are too confused!
It was a potion of attraction.
You feel attractive to monsters.
You are engulfed in a cloud of scalding steam.
The hobgoblin barely misses you.
Blork the orc comes into view.
He is wielding a +0 hand axe.
The orc priest is attracted toward you. The orc is attracted toward you.
The scorpion is attracted toward you. The orc wizard is attracted toward you.
Blork the orc is attracted toward you.
Okay, then.
It was a potion of haste.
You feel yourself speed up. The hobgoblin hits you.
* * * LOW HITPOINT WARNING * * *
The orc priest mumbles some strange prayers to Beogh against you.
Beogh smites you!
You die...

#~#≈.♣. #♣~#...# .
#####.~#~§.#o~
......♣~♣o...
#.#~s~~oo~≈.
#..Mg♣o~~~.~ #####
#~@o)~♣~. .. ...#
#~)≈)≈~... # #.
#.###~...#.~.. #. #.
#....!~.~..... ... #.
#.#######...#.
....#.####.##### #..#
.....†.........####.>#
.....)..##......... .#
....###.####.######


You could see Blork the orc, Menkaure, a scorpion, an orc priest, an orc wizard,
an orc and a hobgoblin.

Vanquished Creatures
  Natasha (D:2)
  Terence (D:3)
  An orc wizard (D:4)
  Robin (D:2)
  3 gnolls (D:2)
  7 adders
  2 worms (D:2)
  3 dart slugs
  7 orcs (D:4)
  8 endoplasms
  20 goblins
  6 hobgoblins
  2 jackals (D:2)
  3 quokkas
  7 ball pythons
  5 bats
  3 frilled lizards
  7 kobolds
  7 rats
94 creatures vanquished.

Vanquished Creatures (others)
  An orc wizard (D:4)
  A kobold (D:4)
2 creatures vanquished.

Grand Total: 96 creatures vanquished

Notes
Turn   | Place    | Note
-------+----------+-------------------------------------------
     0 | D:1      | Babbit the Minotaur Berserker began the quest for the Orb.
     0 | D:1      | Reached XP level 1. HP: 19/19 MP: 0/0
    29 | D:1      | Found a faded altar of an unknown god.
    88 | D:1      | Found Owedilini's Assorted Antiques.
   136 | D:1      | Reached XP level 2. HP: 27/27 MP: 1/1
   144 | D:1      | Found Nemepo's General Store.
   152 | D:1      | Reached skill level 4 in Axes
   466 | D:1      | Found Kausetu's Jewellery Shoppe.
   665 | D:2      | Reached ** piety under Trog
   749 | D:2      | Reached XP level 3. HP: 27/33 MP: 2/2
   827 | D:2      | Noticed Robin
   840 | D:2      | Killed Robin
  1091 | D:2      | Reached XP level 4. HP: 23/41 MP: 3/3
  1217 | D:2      | Reached skill level 5 in Axes
  1544 | D:2      | Noticed Natasha
  1547 | D:2      | Killed Natasha
  1548 | D:2      | Reached XP level 5. HP: 47/47 MP: 4/4
  1935 | D:3      | Reached *** piety under Trog
  2235 | D:3      | Noticed Terence
  2249 | D:3      | Killed Terence
  2250 | D:3      | Reached skill level 5 in Fighting
  2600 | D:4      | Reached skill level 6 in Axes
  2607 | D:4      | Reached XP level 6. HP: 53/56 MP: 5/5
  2717 | D:4      | Noticed Menkaure
  2734 | D:4      | Noticed Blork the orc
  2735 | D:4      | Killed from afar by an orc priest

Illustrated notes

Levels and vault maps discovered:
D:1:      lemuel_arrival_lava_pool, layout_basic, basic_ecumenical_altar,
          serial_shops, shop, nicolae_shop_tiny_real_fake_doors,
          nicolae_shop_real_fake_doors
D:2:      layout_loops_corners, uniq_robin, uniq_natasha
D:3:      layout_basic, uniq_terence
D:4:      layout_loops_ring, chequers_serial_rivers_marsh, uniq_blork_the_orc,
          uniq_crazy_yiuf_cottage, uniq_menkaure

Skill      XL: |  1  2  3  4  5 |
---------------+----------------+-----
Fighting       | 4 5 |  5.3
Axes           | 4 5 6 |  6.2
Dodging        | 3 |  3.8
Armour         | |  2.7
Stealth        | |  0.2

Action                     |  1- 3 |  4- 6 || total
---------------------------+-------+-------++-------
  Melee: Hand axe          |    88 |   116 ||   204
         Headbutt          |     8 |    19 ||    27
         Punch             |     1 |     1 ||     2
 Invoke: Trog's Hand       |     1 |     2 ||     3
    Use: Scroll            |       |     3 ||     3
         Potion            |       |     3 ||     3
 Armour: Animal skin       |    12 |    10 ||    22
         Chain mail        |       |    46 ||    46
  Dodge: Dodged            |    53 |    77 ||   130
